 Dungeon Crawl Stone Soup version 0.29.1-1-gd02db6906a (webtiles) character file.

Game seed: 11571834503828945528

34 sentinel the Digger (level 3, 26/26 HPs)
             Began as a Meteoran Earth Elementalist on Sept 27, 2022.
             Was a Follower of Vehumet.
             Quit the game on level 3 of the Dungeon.
             The game lasted 00:02:54 (469 turns).

sentinel the Digger (Meteoran Earth Elementalist)    Turns: 469, Time: 00:02:55

Health: 26/26      AC:  3    Str:  9    XL:     3   Next: 73%
Magic:  8/8        EV: 12    Int: 18    God:    Vehumet [*.....]
Gold:   0          SH:  0    Dex: 15    Spells: 1/7 levels left

rFire   . . .      SeeInvis .   (no weapon)
rCold   . . .      Faith    .   (no shield)
rNeg    . . .      Spirit   .   a - +0 robe
rPois   .          Reflect  .   (no helmet)
rElec   .          Harm     .   (no cloak)
rCorr   .          Rampage  .   m - +0 pair of gloves
Will    .....                   (no boots)
Stlth   +.........              (no amulet)
HPRegen 0.08/turn               (no ring)
MPRegen 0.11/turn               (no ring)

@: glowing
A: sense surroundings 1, otherworldly, glowing, explore regen
a: Renounce Religion


You were on level 3 of the Dungeon.
You worshipped Vehumet.
Vehumet was aware of your devotion.
You visited 1 branch of the dungeon, and saw 3 of its levels.

Inventory:

Missiles
 f - 6 boomerangs
Armour
 a - a +0 robe (worn)
 m - a +0 pair of gloves (worn)
Scrolls
 e - 3 scrolls of identify {unknown}
 g - a scroll of summoning {unknown}
 j - 2 scrolls of amnesia {unknown}
 l - a scroll of fog {unknown}
Potions
 b - a potion of magic
 c - 2 potions of haste {unknown}
 d - 3 potions of might {unknown}
 h - a potion of curing {unknown}
 i - 2 potions of heal wounds {unknown}
 k - 2 potions of lignification {unknown}
 n - a potion of berserk rage {unknown}


   Skills:
 - Level 2.4 Dodging
 - Level 1.4 Stealth
 + Level 2.6 Spellcasting
 * Level 0.0 Conjurations
 - Level 1.2 Transmutations
 + Level 5.2 Earth Magic


You had one spell level left.
You knew the following spells:

 Your Spells              Type           Power      Damage    Failure   Level
a - Sandblast             Erth           42%        2d11      1%          1
b - Stone Arrow           Conj/Erth      22%        3d8       17%         3
c - Passwall              Tmut/Erth      11%        N/A       7%          2

Your spell library contained the following spells:

 Spells                   Type           Power      Damage    Failure   Level
 Freeze                   Ice            8%         1d3       17%         1
 Beastly Appendage        Tmut           12%        N/A       11%         1
 Petrify                  Tmut/Erth      14%        N/A       41%         4
 Summon Guardian Golem    Hex/Summ       2%         N/A       45%         3
 Yara's Violent Unravell  Hex/Tmut       2%         3d3       98%         5
 Eringya's Noxious Bog    Tmut/Pois      2%         N/A       100%        6


Dungeon Overview and Level Annotations

Branches:
Dungeon (3/15) Zot: 1318

Altars:
Makhleb
Vehumet
Zin


Innate Abilities, Weirdness & Mutations

You passively map a small area around you.
You are easily found by Zot.
You glow in the dark.
You regain HP and MP as you explore.


Message History

The ball python constricts you.
The blast of sand hits the ball python!
You kill the ball python!
You can't see any susceptible monsters within range! (Use Z to cast anyway.)
You can't see any susceptible monsters within range! (Use Z to cast anyway.)
You can't see any susceptible monsters within range! (Use Z to cast anyway.) Magic restored.
Casting: Sandblast (safe; 3% risk of failure)
Confirm with . or Enter, or press ? or * to list all spells.
Aiming: Passwall (safe; 9% risk of failure)
Press: ? - help, Dir - move target A rock wall.
This rock feels extremely deep.
Found a clear potion.
k - 2 clear potions (gained 1)
Found 11 gold pieces.
Casting: Passwall (safe; 9% risk of failure)
Confirm with . or Enter, or press ? or * to list all spells.
Aiming: Passwall (safe; 9% risk of failure)
Press: ? - help, Dir - move target A rock wall.
You miscast Passwall.
You are very lightly contaminated with residual magic.
Nothing appears to happen.
Casting: Passwall (safe; 9% risk of failure)
Confirm with . or Enter, or press ? or * to list all spells.
Aiming: Passwall (safe; 9% risk of failure)
Press: ? - help, Dir - move target A rock wall.
You begin to meditate on the wall.
You continue meditating on the rock. x3
You finish merging with the rock.
Found an inky potion.
The blast of sand hits the goblin!
You kill the goblin!
You have reached level 3!
Your experience leads to an increase in your attributes!
Increase (s)trength, (i)ntelligence, or (d)exterity?
You feel clever. x2; You feel agile.
The blast of sand hits the quokka!
You kill the quokka!
The rat closely misses you.
Your magical contamination has completely faded away.
You are out of magic!
You are out of magic!
You are out of magic!
You are out of magic!
You are out of magic!
You are out of magic!
You are out of magic!
You are out of magic!
You are out of magic!
You are out of magic!
You are out of magic!
You are out of magic!
You are out of magic!
The rat attacks as you move away! The rat barely misses you.
Found 7 stones.
The blast of sand hits the rat!
You kill the rat!
The blast of sand hits the dart slug.
The dart slug is heavily wounded.
The blast of sand hits the dart slug.
The dart slug is almost dead.
The blast of sand hits the dart slug!
You kill the dart slug!
You are out of magic!
You are out of magic!
You are out of magic!
You are out of magic!
You are out of magic!
You are out of magic!
A bat comes into view.
You see here an inky potion.
d - 3 inky potions (gained 1) But you're not safe!
You can't see any susceptible monsters within range! (Use Z to cast anyway.)
The blast of sand hits the bat!
You kill the bat!
You are out of magic!
You see here a bat corpse.
A kobold comes into view. It is wielding a +0 whip.
The kobold shouts!
You hear an angry hiss.
An adder comes into view.
Found a bubbling cyan potion.
The kobold throws a stone.
The stone misses you.
Found a scroll labelled URCHEGA RADYE and 12 gold pieces.
The adder hisses angrily.
The adder barely misses you.
The kobold throws a stone.
The stone barely misses you.
Found a scroll labelled URCHEGA RADYE.
The adder barely misses you. The adder closely misses you.
The adder attacks as you move away! The adder bites you.
You are poisoned.
The adder poisons you!
You feel sick. The adder attacks as you move away! The adder bites you.
You feel sick. The adder attacks as you move away! The adder barely misses you.
You feel sick. The adder bites you.
The blast of sand misses the adder.
The blast of sand hits the kobold!
You kill the kobold!
You feel sick. The adder barely misses you. x2
Your Earth Magic skill increases to level 5!
You feel sick. The adder bites you.
You are more poisoned.
The adder poisons you!
The blast of sand hits the adder!
You kill the adder!
You feel sick.
You feel sick.
You feel sick.
Things that are here:
a +0 whip; 3 stones; a kobold corpse You feel sick.
You feel sick.
You are no longer poisoned.
e - 2 scrolls labelled URCHEGA RADYE (gained 1)
e - 3 scrolls labelled URCHEGA RADYE (gained 1)
n - a bubbling cyan potion
Casting: Sandblast (safe; 1% risk of failure)
Confirm with . or Enter, or press ? or * to list all spells.
Aiming: Passwall (safe; 7% risk of failure)
Press: ? - help, Dir - move target A rock wall.
You begin to meditate on the wall.
You continue meditating on the rock. x3
You finish merging with the rock.
Found a murky sapphire potion.
i - 2 murky sapphire potions (gained 1)
Found 10 gold pieces.
Found 8 gold pieces.
You see here 10 gold pieces.
You see here 8 gold pieces.
Found 2 gold pieces.
You open the door.
Found 2 poisoned darts and the Tome of Transmuted Malediction.
Found a faded altar of an unknown god.
There is an open door here.
Found a burning altar of Makhleb.
Found a stone staircase leading down.
You see here 2 poisoned darts.
You pick up the Tome of Transmuted Malediction and begin reading...
You add the spells Beastly Appendage, Summon Guardian Golem, Yara's Violent Unravelling and Eringya's Noxious Bog to your library.
This spell is quite dangerous to cast!
Memorise Stone Arrow, consuming 3 spell levels and leaving 1?
You start memorising the spell.
You continue memorising. x3
You finish memorising.
Spell assigned to 'b'.
There is a faded altar of an unknown god here.
You cannot tell which god this altar belongs to.
Convert to them anyway?
Really abandon Zin for an unknown god?
Vehumet accepts your prayer!
You have lost your religion!
Vehumet welcomes you!
You can now gain magical power from killing.
Vehumet offers you knowledge of Freeze.
Are you sure you want to abandon this character and quit the game? (Confirm with "yes".)

#................ *
##................
#$......##'##....
#.#..⌠.##...##, .
#####.#...##.....# ,
.........##....##### , *,*
######.##...(##8.8##
##.#.....#.....#, *
#..#..@..#.._..#,, # ##
#..#.....#.....# * .
..#######..##8.8##....##
##....(....$..#####....##,
...........$...## ....##,
.# *#####.....⌠.## >.## .#
#.##.....##### , .#,* #.
#.......... , .##
###.###.#######. *


There were no monsters in sight!

Vanquished Creatures
  An adder (D:3)
  A dart slug (D:3)
  A worm (D:3)
  A ball python (D:3)
  2 bats
  An endoplasm (D:1)
  2 goblins
  A hobgoblin (D:2)
  A jackal (D:2)
  3 kobolds
  A quokka (D:3)
  A frilled lizard (D:3)
  3 rats
19 creatures vanquished.

Notes
Turn   | Place    | Note
-------+----------+-------------------------------------------
     0 | D:1      | sentinel the Meteoran Earth Elementalist began the quest
                  | for the Orb.
     0 | D:1      | Reached XP level 1. HP: 14/14 MP: 5/5
    20 | D:1      | Found a faded altar of an unknown god.
    27 | D:1      | Prayed at the altar of an unknown god.
    27 | D:1      | Became a worshipper of Zin the Law-Giver
    27 | D:1      | Reached * piety under Zin
   159 | D:2      | Reached skill level 4 in Earth Magic
   178 | D:2      | Reached XP level 2. HP: 20/20 MP: 4/6
   184 | D:2      | Learned a level 2 spell: Passwall
   370 | D:3      | Reached XP level 3. HP: 26/26 MP: 1/8
   396 | D:3      | Reached skill level 5 in Earth Magic
   453 | D:3      | Found a faded altar of an unknown god.
   457 | D:3      | Found a burning altar of Makhleb.
   461 | D:3      | Got the Tome of Transmuted Malediction
   466 | D:3      | Learned a level 3 spell: Stone Arrow
   468 | D:3      | Prayed at the altar of an unknown god.
   468 | D:3      | Fell from the grace of Zin
   468 | D:3      | Became a worshipper of Vehumet
   468 | D:3      | Reached * piety under Vehumet
   468 | D:3      | Offered knowledge of Freeze by Vehumet.
   469 | D:3      | Quit the game

Illustrated notes

Levels and vault maps discovered:
D:1:      dpeg_arrival_tiny_d, layout_loops_cross,
          ebering_ecumenical_altar_rust, st_stairs_14
D:2:      layout_basic, chequers_serial_rivers_micro_b, hex_intersection,
          dk_noncrumbling_4, kennysheep_generic_room_9, uniq_terence
D:3:      minmay_spotlight, layout_loops_ring,
          nicolae_overflow_ecumenical_swirl, uniq_crazy_yiuf_cottage

Skill      XL: |  1  2  3 |
---------------+----------+-----
Earth Magic    | 4 5 |  5.2
Dodging        | |  2.4
Stealth        | |  1.4
Spellcasting   | |  2.6
Transmutations | |  1.2

Action                   || total
-------------------------++-------
 Cast: Sandblast         ||    27
       Passwall          ||     6
Armor: Robe              ||     3
Dodge: Dodged            ||    13
